 Dungeon Crawl Stone Soup version 0.31-a0-703-gcfe89afef6 (webtiles) character file.

Game seed: 13687675282911871227

2 Crabhammer the Caller (level 1, 12/13 HPs)
             Began as a Barachi Summoner on Sept 2, 2023.
             Quit the game on level 1 of the Dungeon on Sept 9, 2023.
             The game lasted 00:01:53 (93 turns).

Crabhammer the Caller (Barachi Summoner)              Turns: 93, Time: 00:01:54

Health: 12/13      AC:  2    Str:  9    XL:     1   Next: 40%
Magic:  0/3        EV: 12    Int: 15    God:
Gold:   19         SH:  0    Dex: 12    Spells: 3/4 levels left

rFire   . . .        (no weapon)
rCold   . . .        (no shield)
rNeg    . . .        a - +0 robe
rPois   .            (no helmet)
rElec   .            (no cloak)
rCorr   .            (no gloves)
SInv    .            (no boots)
Will    .....        (no amulet)
Stlth   ++           (no ring)
HPRegen 0.22/turn    (no ring)
MPRegen 0.08/turn

%: no passive effects
@: slow
A: amphibious, slowness 1, strong legs 1, +LOS
a: Hop


You were on level 1 of the Dungeon.
You visited 1 branch of the dungeon, and saw 1 of its levels.

You collected 19 gold pieces.

Inventory:

Armour
 a - a +0 robe (worn)
Scrolls
 d - a scroll of teleportation {unknown}
Potions
 b - a potion of magic
 c - a potion of curing {unknown}


   Skills:
 + Level 2.3 Dodging
 + Level 1.7 Stealth
 + Level 2.1 Spellcasting
 + Level 4.9 Summonings


You had 3 spell levels left.
You knew the following spells:

 Your Spells              Type           Power      Damage    Failure   Level
a - Summon Small Mammal   Summ           64%        N/A       3%          1

Your spell library contained the following spells:

 Spells                   Type           Power      Damage    Failure   Level
 Call Imp                 Summ           32%        N/A       4%          2
 Call Canine Familiar     Summ           16%        N/A       9%          3
 Summon Guardian Golem    Hex/Summ       9%         N/A       24%         3
 Summon Lightning Spire   Summ/Air       9%         N/A       61%         4


Dungeon Overview and Level Annotations

Branches:
Dungeon (1/15)

Altars:


Innate Abilities, Weirdness & Mutations

You are amphibious.
You cover ground slowly.
You can hop short distances.
You have an extended range of vision and can be seen from far away.


Message History

A rat comes into view.
A kobold comes into view. It is wielding a +0 dagger.
Casting: Summon Small Mammal (safe; 3% risk of failure)
Confirm with . or Enter, or press ? or * to list all spells.
The kobold shouts!
Casting: Summon Small Mammal (safe; 3% risk of failure)
Confirm with . or Enter, or press ? or * to list all spells.
The kobold hits you with a +0 dagger.
Unknown command.
Unknown command.
You hit the kobold.
The kobold is moderately wounded.
Your bat barely misses the rat.
The kobold hits you with a +0 dagger. The rat completely misses your bat.
Your rat barely misses the kobold.
You completely miss the kobold.
The kobold is moderately wounded.
Your bat barely misses the rat.
The kobold hits you with a +0 dagger.
Your rat bites the kobold.
The kobold dies!
Found a whip, 5 poisoned darts, a murky blue potion and 7 stones.
Your bat hits the rat.
Your rat bites the rat but does no damage.
Things that are here:
a +0 dagger; a kobold corpse
Casting: Summon Small Mammal (safe; 3% risk of failure)
Confirm with . or Enter, or press ? or * to list all spells.
Your rat disappears in a puff of smoke!
Your bat closely misses the rat.
The rat closely misses you.
You closely miss the rat.
The rat is heavily wounded.
Your bat barely misses the rat.
The rat barely misses you.
You hit the rat.
You kill the rat!
You swap places.
You swap places.
Things that are here:
a +0 dagger; a kobold corpse Welcome back, Crabhammer the Barachi Summoner.
Press ? for a list of commands and other information.
Are you sure you want to abandon this character and quit the game? (Confirm with "yes".)

#. ###♣......∩##
#. #.##♣.♣.###.#
#.###..#######..#
#(#............##
#.#.############
#!#.# #(#.#
#)#.#### #.@b...#
#..b....#
#..#....#
#..##....# ###
#...... #.......#
#....##.. #....#
##. ######


You could see 2 friendly bats.

Vanquished Creatures
  A quokka (D:1)
  A rat (D:1)
2 creatures vanquished.

Vanquished Creatures (collateral kills)
  A kobold (D:1)
1 creature vanquished.

Grand Total: 3 creatures vanquished

Notes
Turn   | Place    | Note
-------+----------+-------------------------------------------
     0 | D:1      | Crabhammer the Barachi Summoner began the quest for the
                  | Orb.
     0 | D:1      | Reached XP level 1. HP: 13/13 MP: 3/3
    93 | D:1      | Upgraded the game from 0.31-a0-664-g902f515a81 to
                  | 0.31-a0-703-gcfe89afef6
    93 | D:1      | Quit the game

Illustrated notes

Levels and vault maps discovered:
D:1:      nzn_arrival_settlement, layout_rooms, minmay_crystal_room,
          minmay_tetromino_i2

Action                     || total
---------------------------++-------
  Melee: Unarmed           ||    10
   Cast: Summon Small Mamm ||     6
 Armour: Robe              ||     6
  Dodge: Dodged            ||     6

Table legend: (Time is in decaauts)
 A = Elapsed time spent in this place.
 B = Non-inter-level travel time spent in this place.
 C = Inter-level travel time spent in this place.
 D = Time resting spent in this place.
 E = Time spent auto-exploring this place.
 F = Levels seen in this place.
 G = Mean time per level.
                   A        B        C        D        E       F      G
               +--------+--------+--------+--------+--------+-----+--------+
         Total |    102 |    102 |      0 |     21 |     46 |   1 |  102.0 |
       Dungeon |    102 |    102 |      0 |     21 |     46 |   1 |  102.0 |
               +--------+--------+--------+--------+--------+-----+--------+

Top non-repeatable levels by time:
     D:1: 102 daAuts
